 Dungeon Crawl Stone Soup version 0.24.0-13-gcf9b319 (webtiles) character file.

Game seed: 9202655057650990288, levelgen mode: deterministic

172 Fang the Skirmisher (level 5, 0/34 HPs)
             Began as a Gargoyle Fighter on Dec 20, 2019.
             Slain by a phantom (4 damage)
             ... on level 4 of the Dungeon.
             The game lasted 00:02:27 (1520 turns).

Fang the Skirmisher (Gargoyle Fighter)              Turns: 1520, Time: 00:02:27

Health: 0/34       AC: 13    Str: 21    XL:     5   Next: 52%
Magic:  5/5        EV:  5    Int:  8    God:
Gold:   76         SH:  9    Dex:  9    Spells: 4/4 levels left

rFire    . . .     SeeInvis .   a - +0 war axe
rCold    . . .     Gourm    +   B - +0 shield
rNeg     + . .     Faith    .   b - +0 chain mail
rPois    ∞         Spirit   .   (no helmet)
rElec    +         Reflect  .   (no cloak)
rCorr    .         Harm     .   (no gloves)
MR       .....                  (no boots)
Stlth    ..........             n - amulet of the gourmand
HPRegen  0.11/turn              (no ring)
MPRegen  0.09/turn              (no ring)

@: no status effects
A: negative energy resistance 1, electricity resistance, unbreathing,
petrification resistance, rot immunity, AC +4
a: no special abilities


You were on level 4 of the Dungeon.
You were not hungry.

You visited 1 branch of the dungeon, and saw 3 of its levels.

You collected 76 gold pieces.

Inventory:

Hand Weapons
 a - a +0 war axe (weapon)
Armour
 b - a +0 chain mail (worn)
 B - a +0 shield (worn)
Jewellery
 n - an amulet of the gourmand (around neck)
 p - an uncursed ring of protection from cold {unknown}
Scrolls
 e - a scroll of fog {unknown}
 f - a scroll of fear {unknown}
 h - a scroll of amnesia {unknown}
 i - 4 scrolls of identify {unknown}
 j - 3 scrolls of teleportation {unknown}
Potions
 d - a potion of might
 g - a potion of heal wounds {unknown}
 k - 2 potions of curing {unknown}
 l - a potion of ambrosia {unknown}
 m - a potion of berserk rage {unknown}
 q - a potion of mutation {unknown}
Comestibles
 c - 5 rations


   Skills:
 + Level 4.3 Fighting
 + Level 2.9 Axes
 + Level 4.3 Armour
 + Level 4.3 Shields


You had 4 spell levels left.
You didn't know any spells.
Your spell library contained the following spells:

 Spells                   Type           Power        Failure   Level  Hunger
 Animate Skeleton         Necr           N/A          100%        1    ##.....
 Apportation              Tloc           #.....       100%        1    ##.....
 Confusing Touch          Hex            #.....       100%        1    ##.....
 Summon Small Mammal      Summ           #...         100%        1    ##.....


Dungeon Overview and Level Annotations

Branches:
Dungeon (2/15)

Altars:


Innate Abilities, Weirdness & Mutations

You are resistant to torment.
Your stone body is resilient. (AC +4)
You are immune to poison.
You resist negative energy. (rN+)
You are resistant to electric shocks. (rElec)
You can survive without breathing.
You are immune to petrification.
You are immune to rotting.


Message History

The phantom hits you but does no damage.
Your shield and chain mail prevent you from hitting the phantom.
You block the phantom's attack.
The phantom hits you but does no damage.
You closely miss the phantom. The phantom barely misses you.
You closely miss the phantom. The phantom hits you.
The phantom blinks!
You block the phantom's attack.
You hit the phantom.
The phantom is lightly damaged.
The phantom hits you but does no damage.
You barely miss the phantom.
The phantom is lightly damaged.
The phantom hits you.
* * * LOW HITPOINT WARNING * * *
The phantom hits you.
* * * LOW HITPOINT WARNING * * *
You hit the phantom.
The phantom is lightly damaged.
The phantom hits you.
You die...

#....#..###+##..#
#....#...#..#...#
#....#...#..#...##
#....'...#..#....#
#....#...#..'....#
####....##.##.###.).#
....#########'###+#.#######
....#............<........#
....#[..........@..#......#
....')..........W..#......#
....#).#.#...###...#......#
...................#..)...######
≈≈≈≈≈.≈≈≈≈≈.≈≈≈≈≈..#......'....#
≈###≈.≈###≈.≈###≈..+......#....#
≈# #≈.≈# #≈.≈# #≈..#......#....#
≈###≈.≈###≈.≈###≈.##......#....##
≈≈≈≈≈.≈≈≈≈≈.≈≈≈≈≈.........+.....#


You could see a phantom.

Vanquished Creatures
  An orc priest (D:4)
  A bullfrog skeleton (D:4)
  A worker ant (D:4)
  3 adders
  An ooze (D:1)
  2 worms (D:2)
  4 leopard geckos (D:1)
  7 orcs (D:4)
  2 giant cockroaches (D:1)
  2 goblins (D:1)
  9 hobgoblins
  A kobold (D:2)
  4 bats (D:1)
  4 frilled lizards
  5 rats (D:1)
47 creatures vanquished.

Notes
Turn   | Place    | Note
-------+----------+-------------------------------------------
     0 | D:1      | Fang the Gargoyle Fighter began the quest for the Orb.
     0 | D:1      | Reached XP level 1. HP: 14/14 MP: 1/1
    19 | D:1      | Reached XP level 2. HP: 18/19 MP: 2/2
   207 | D:1      | Reached XP level 3. HP: 23/23 MP: 3/3
   852 | D:2      | Reached XP level 4. HP: 29/29 MP: 4/4
   894 | D:2      | You fall into a shaft and drop 2 floors!
   962 | D:4      | Reached XP level 5. HP: 15/33 MP: 5/5
  1437 | D:4      | Noticed a phantom
  1520 | D:4      | Slain by a phantom

Levels and vault maps discovered:
D:1:      mrwooster_arrival_statue, layout_loops_ring, chequers_jeans
D:2:      layout_loops_ring, minivault_24, minmay_shallow_snake_nest
D:4:      layout_gridville, serial_shops, kennysheep_mini_moat, kennysheep_boxes

Skill      XL: |  1  2  3  4 |
---------------+-------------+-----
Axes           | 2 |  2.9
Fighting       | 4 |  4.3
Armour         | 4 |  4.3
Shields        | 4 |  4.3

Action                   |  1- 3 |  4- 6 || total
-------------------------+-------+-------++-------
Melee: War axe           |   104 |    64 ||   168
  Eat: Chunk             |       |     3 ||     3
Armor: Scale mail        |    52 |       ||    52
       Chain mail        |    14 |    55 ||    69
Dodge: Dodged            |    20 |    15 ||    35
Block: Shield            |    63 |    51 ||   114
